[Event "Late-Titled-Tuesday-Blitz-March-19-2024"]
[Site "Chess.com"]
[Date "2024.03.19"]
[Round "7"]
[White "tylityli"]
[Black "chucksterf10"]
[Result "0-1"]
[WhiteElo "2333"]
[BlackElo "2563"]
[TimeControl "180+1"]
[EndTime "15:15:10 PDT"]
[Termination "chucksterf10 won on time"]

1. d4 e6 2. c4 c5 3. d5 b5 4. e4 bxc4 5. Bxc4 Nf6 6. Nc3 exd5 7.
Nxd5 Nc6 8. Nf3 Be7 9. e5 Nxd5 10.
Bxd5 Bb7 11. Bxf7+ Kxf7 12. Qb3+ Ke8 13. Qxb7 Qa5+ 14.
Bd2 Qd8 15. Qa6 Qb6 16. Qe2 Qxb2 17. O-O Rf8 18. e6 d5 19. Qa6 Qb6 20. Qd3 g6 21.
Qxd5 Rd8 22. Qe4 Rxf3 23. Qxf3 Rxd2 24. Qf7+ Kd8 25. Rad1 Rxd1 26. Rxd1+ Nd4 27. Qg8+ Kc7 28. Qxh7 Qxe6 29. h3 Kc6 30. Qg7 Bd6 31. Qxa7 Qe2 32. Qa4+ Kd5 33. Rf1 c4 34. Qa8+ Nc6 35. Qg8+ Kc5 36.
Qxg6 c3 0-1

[Event "Late-Titled-Tuesday-Blitz-March-19-2024"]
[Site "Chess.com"]
[Date "2024.03.19"]
[Round "7"]
[White "mbachez"]
[Black "Redzishchess"]
[Result "1-0"]
[WhiteElo "2652"]
[BlackElo "2504"]
[TimeControl "180+1"]
[EndTime "15:15:12 PDT"]
[Termination "mbachez won on time"]

1. e4 c5 2. Nf3 d6 3. c3 Nf6 4.
Bd3 Nc6 5. Bc2 e5 6. O-O Be7 7. h3 O-O 8. d4 b5 9. a4 b4 10. dxe5 dxe5 11. Nbd2 Ba6 12. Re1 Qc7 13. Nh4 Rfd8 14.
Nf5 Bf8 15. Qf3 g6 16. Ne3 Bg7 17. Nd5 Qd6 18. Bb3 Ne7 19. Nxe7+ Qxe7 20. Nc4 Ne8 21. Ne3 Nc7 22. h4 h5 23. g3 Rd7 24. Bc4 Bxc4 25.
Nxc4 Rad8 26. Bg5 f6 27. Be3 Qe6 28. Qe2 Bf8 29. Rac1 Rd3 30. Nd2 bxc3 31. Rxc3 Rxc3 32. bxc3 Qa2 33. Qc4+ Qxc4 34. Nxc4 Rd3 35. Rc1 Rd8 36. Rb1 Rd3 37. Bd2 Ne8 38. Kf1 Nd6 39. Ke2 Nxc4 40. Kxd3 Nd6 41. Be3 c4+ 42. Kc2 Nxe4 43. Bxa7 Bd6 44. a5 f5 45. a6 1-0

[Event "Late-Titled-Tuesday-Blitz-March-19-2024"]
[Site "Chess.com"]
[Date "2024.03.19"]
[Round "7"]
[White "FredddieCroderg"]
[Black "Bryanl106"]
[Result "1-0"]
[WhiteElo "2322"]
[BlackElo "2674"]
[TimeControl "180+1"]
[EndTime "15:15:13 PDT"]
[Termination "FredddieCroderg won by resignation"]

1. d4 Nf6 2. c4 c5 3. d5 g6 4. Nc3 Bg7 5. e4 d6 6. Nf3 O-O 7. Be2 e6 8. O-O Re8 9. Re1 exd5 10.
exd5 Ne4 11. Nxe4 Rxe4 12. Bd3 Rxe1+ 13. Qxe1 Bg4 14. Nd2 Nd7 15. h3 Ne5 16. Bf1 Bf5 17. Ne4 b5 18. Bg5 f6 19. Bf4 bxc4 20. Bxe5 fxe5 21. Bxc4 Qe7 22. b3 Rf8 23. Qe3 Bd7 24. Re1 Bf5 25. Qg5 Qc7 26. Qg3 Bh6 27. Ng5 Qe7 28.
Ne6 Rf6 29. Nxc5 dxc5 30. d6+ 1-0

[Event "Late-Titled-Tuesday-Blitz-March-19-2024"]
[Site "Chess.com"]
[Date "2024.03.19"]
[Round "7"]
[White "BebeBonito2022"]
[Black "katharinareinecke"]
[Result "1-0"]
[WhiteElo "2292"]
[BlackElo "1992"]
[TimeControl "180+1"]
[EndTime "15:15:13 PDT"]
[Termination "BebeBonito2022 won by checkmate"]

1. d4 d5 2. c4 c6 3. Nc3 Nf6 4.
e3 e6 5. Nf3 Be7 6. Bd3 O-O 7.
O-O dxc4 8. Bxc4 b5 9. Bd3 Bb7 10. e4 a6 11. e5 Nd5 12. a4 Nxc3 13. bxc3 Nd7 14. Qe2 Nb6 15. Qe4 g6 16. axb5 axb5 17.
Bh6 Nd5 18. Bxf8 Bxf8 19. Rac1 Ra3 20. c4 bxc4 21. Bxc4 Qa8 22. Bxd5 cxd5 23. Qh4 h5 24. Rc7 Ra1 25. g3 Rxf1+ 26. Kxf1 Qa1+ 27. Kg2 Ba6 28. Nd2 Qd1 29. Qf4 f5 30. exf6 Bd6 31. Qxd6 Qxd2 32. Qd8# 1-0

[Event "Late-Titled-Tuesday-Blitz-March-19-2024"]
[Site "Chess.com"]
[Date "2024.03.19"]
[Round "7"]
[White "Julianos82"]
[Black "LangesNasenhaar"]
[Result "0-1"]
[WhiteElo "2396"]
[BlackElo "2536"]
[TimeControl "180+1"]
[EndTime "15:15:16 PDT"]
[Termination "LangesNasenhaar won by resignation"]

1. d4 g6 2. c4 Bg7 3. Nc3 c5 4. Nf3 d6 5. e4 Nc6 6. d5 Bxc3+ 7. bxc3 Na5 8. Bg5 b6 9. Be2 Ba6 10. Nd2 Nf6 11. Bxf6 exf6 12. O-O O-O 13. Qc2 Re8 14. Rae1 Qd7 15. h3 Re7 16. Bd3 Rae8 17. f4 f5 18. Re3 Kg7 19. Rfe1 fxe4 20. Rxe4 Rxe4 21. Rxe4 Rxe4 22. Nxe4 Bxc4 23. Bxc4 Nxc4 24. Qe2 b5 25. g4 Nb6 26. Kf2 Nxd5 27. Qd3 Nxf4 28. Qf3 d5 29. Nxc5 Qc7 30. Qe3 Qxc5 0-1

[Event "Late-Titled-Tuesday-Blitz-March-19-2024"]
[Site "Chess.com"]
[Date "2024.03.19"]
[Round "7"]
[White "MoldyTofu"]
[Black "Burgsvik"]
[Result "1-0"]
[WhiteElo "2091"]
[BlackElo "2277"]
[TimeControl "180+1"]
[EndTime "15:15:16 PDT"]
[Termination "MoldyTofu won by checkmate"]

1. b3 c5 2. Bb2 Nc6 3. e3 d6 4. d4 cxd4 5. exd4 Bd7 6. Nf3 Nf6 7. Be2 g6 8. O-O Bg7 9. c4 O-O 10. Nc3 a6 11. Qd2 Rc8 12. h3 Bf5 13. Bd3 Bxd3 14.
Qxd3 Nb4 15. Qe2 Nd7 16. Rfe1 e5 17. dxe5 Nxe5 18. Nxe5 dxe5 19. Rad1 Qa5 20. a3 Nc6 21. Nd5 Kh8 22. b4 Qa4 23. Nb6 Qb3 24. Nxc8 Rxc8 25. c5 h5 26. Rd3 Qe6 27. Rd6 Qe8 28. Qf3 f5 29. Qd5 e4 30. Bxg7+ Kxg7 31. Rd7+ Kh6 32. Rxb7 Ne5 33. Qd2+ g5 34. h4 f4 35. Qd6+ Ng6 36. hxg5+ Kxg5 37. Rd1 e3 38. Rd5+ Kg4 39. f3+ Kh4 40.
Qf6+ Kg3 41. Rg5+ Kh4 42. Rxg6# 1-0

[Event "Late-Titled-Tuesday-Blitz-March-19-2024"]
[Site "Chess.com"]
[Date "2024.03.19"]
[Round "7"]
[White "Igrok3069"]
[Black "platy3"]
[Result "0-1"]
[WhiteElo "2869"]
[BlackElo "2968"]
[TimeControl "180+1"]
[EndTime "15:15:20 PDT"]
[Termination "platy3 won on time"]

1. d4 Nf6 2. Nf3 d5 3. Bf4 c5 4. e3 Nc6 5. Nbd2 Nh5 6. Bg5 h6 7. Bh4 g5 8. Bg3 g4 9. Ne5 Nxg3 10. Nxc6 bxc6 11. hxg3 Qb6 12. dxc5 Qxb2 13. Be2 h5 14. c4 Bf5 15. cxd5 Bc2 16. Qc1 Bg7 17. O-O Qxa1 18. Qxc2 Qc3 19. Qxc3 Bxc3 20. Ne4 Be5 21. dxc6 O-O 22. Ba6 Rfd8 23. Bb7 Rab8 24. f4 Bc7 25.
Kf2 Rd3 26. Rb1 Ra3 27. Rb2 Rd8 28. Nd2 Rc3 29. Nb3 Rdd3 30. Nd4 h4 31. gxh4 g3+ 32.
Kf3 Rxd4 0-1

[Event "Late-Titled-Tuesday-Blitz-March-19-2024"]
[Site "Chess.com"]
[Date "2024.03.19"]
[Round "7"]
[White "SuanFernandes"]
[Black "EternalNight8"]
[Result "0-1"]
[WhiteElo "2313"]
[BlackElo "2471"]
[TimeControl "180+1"]
[EndTime "15:15:20 PDT"]
[Termination "EternalNight8 won on time"]

1. d4 Nf6 2. c4 e6 3. Nf3 Bb4+ 4.
Nbd2 a5 5. g3 O-O 6. Bg2 d5 7.
O-O b6 8. Ne5 Bb7 9. a3 Be7 10.
b3 Nbd7 11. Nxd7 Qxd7 12. Bb2 c5 13. cxd5 exd5 14. Rc1 Rac8 15. Nf3 Rfd8 16. Ne5 Qe8 17. Qd2 Ne4 18. Qd3 Bd6 19. a4 cxd4 20. Qxd4 Rxc1 21. Rxc1 Bc5 22. Rxc5 bxc5 23. Qe3 d4 24. Qf4 Nd6 25. Bxb7 Nxb7 26. Qf5 Nd6 27. Qf4 f6 0-1

[Event "Late-Titled-Tuesday-Blitz-March-19-2024"]
[Site "Chess.com"]
[Date "2024.03.19"]
[Round "7"]
[White "rhwr"]
[Black "SocoLoco"]
[Result "1-0"]
[WhiteElo "2306"]
[BlackElo "2152"]
[TimeControl "180+1"]
[EndTime "15:15:20 PDT"]
[Termination "rhwr won on time"]

1. e4 c5 2. Nf3 e6 3. d4 cxd4 4. Nxd4 Nf6 5. Bd3 Nc6 6. Nxc6 bxc6 7. O-O d5 8. e5 Nd7 9. Re1 Qc7 10. Bf4 Rb8 11. b3 h6 12. c4 g5 13. Bg3 Bg7 14. Qe2 Bb7 15. Nc3 a5 16. Rac1 Qd8 17. cxd5 cxd5 18. Nb5 O-O 19. Nd4 Qe7 20. Bb1 Rfc8 21. Qd3 Rxc1 22. Qh7+ Kf8 23. Rxc1 Nxe5 24. Nb5 Rc8 25.
Re1 f6 26. a4 Qb4 27. f4 gxf4 28. Bf2 Qxb3 29. Nd6 Rc4 30. Ne8 Kxe8 31. Qxg7 Nd7 32. Qg8+ Nf8 33. Rxe6+ Kd7 34. Qf7+ 1-0

[Event "Late-Titled-Tuesday-Blitz-March-19-2024"]
[Site "Chess.com"]
[Date "2024.03.19"]
[Round "7"]
[White "AlexPapasimakopoulos"]
[Black "HaryKane"]
[Result "1-0"]
[WhiteElo "2758"]
[BlackElo "2588"]
[TimeControl "180+1"]
[EndTime "15:15:21 PDT"]
[Termination "AlexPapasimakopoulos won by resignation"]

1. d4 e6 2. c4 f5 3. g3 Nf6 4. Bg2 Bb4+ 5. Nd2 O-O 6. Nf3 d5 7. O-O c6 8. a3 Bd6 9. b4 Nbd7 10. Qb3 Qe7 11. Bb2 Ne4 12. Rad1 g5 13. Ne5 Qg7 14. Nd3 h5 15. f3 Nxd2 16. Rxd2 h4 17. gxh4 gxh4 18. e4 fxe4 19. fxe4 Rxf1+ 20. Kxf1 Bxh2 21. cxd5 exd5 22. exd5 Nf6 23. dxc6+ Kh8 24. cxb7 Bxb7 25. Bxb7 Qxb7 26. d5 Rf8 27. Rxh2 Kg8 28. d6+ Nd5+ 29.
Rf2 Rxf2+ 30. Kxf2 Qf7+ 31. Ke1 h3 32. Be5 Qf3 33. Qc4 Kf8 34. Kd2 Qe3+ 35. Kc2 Qe2+ 36.
Kb3 Qd1+ 37. Qc2 Qf3 38. Qf2 Qxf2 39. Nxf2 1-0

[Event "Late-Titled-Tuesday-Blitz-March-19-2024"]
[Site "Chess.com"]
[Date "2024.03.19"]
[Round "7"]
[White "Licancabur"]
[Black "angelgab3"]
[Result "0-1"]
[WhiteElo "2497"]
[BlackElo "2642"]
[TimeControl "180+1"]
[EndTime "15:15:21 PDT"]
[Termination "angelgab3 won by resignation"]

1. d4 Nf6 2. Bg5 e6 3. e4 h6 4.
Bxf6 Qxf6 5. c3 d6 6. Bd3 g6 7.
Ne2 e5 8. O-O Bg7 9. f4 Qe7 10.
Nd2 O-O 11. Qe1 Nd7 12. Qg3 Nf6 13. Qh4 Bd7 14. Rae1 Rae8 15. Kh1 b5 16. a3 c5 17.
Bb1 Nd5 18. Qxe7 Nxe7 19. dxe5 dxe5 20. f5 Nc6 21. Nb3 c4 22. Nc5 Bc8 23. Rd1 Rd8 24.
Rd5 gxf5 25. exf5 Rxd5 0-1

[Event "Late-Titled-Tuesday-Blitz-March-19-2024"]
[Site "Chess.com"]
[Date "2024.03.19"]
[Round "7"]
[White "GM_shahin"]
[Black "Nicolik"]
[Result "1-0"]
[WhiteElo "2874"]
[BlackElo "2526"]
[TimeControl "180+1"]
[EndTime "15:15:24 PDT"]
[Termination "GM_shahin won by checkmate"]

1. e4 c5 2. Nf3 e6 3. d4 cxd4 4. Nxd4 Nf6 5. Bd3 Nc6 6. Nxc6 bxc6 7. O-O d5 8. Nd2 Be7 9. Qe2 O-O 10. b3 Nd7 11.
Bb2 Nc5 12. Rad1 Nxd3 13. Qxd3 a5 14. Qg3 Bf6 15. Bxf6 Qxf6 16. Nf3 Ba6 17. Rfe1 Qc3 18. Nd4 Qxg3 19. hxg3 Rfc8 20. Nf3 a4 21. Ne5 Ra7 22. Rd4 f6 23. Nf3 axb3 24. axb3 Bb5 25. exd5 exd5 26.
Rb4 Ra2 27. c4 dxc4 28. bxc4 Ba6 29. Re7 c5 30. Rb6 g5 31. Rxf6 Bxc4 32. Nxg5 Bd3 33. Rff7 Bg6 34. Rg7+ Kh8 35. Nxh7 Bd3 36. Nf6 Ra1+ 37.
Kh2 Rc6 38. Rgf7 Ra8 39. Rh7+ Bxh7 40. Rxh7# 1-0

[Event "Late-Titled-Tuesday-Blitz-March-19-2024"]
[Site "Chess.com"]
[Date "2024.03.19"]
[Round "7"]
[White "DryCounty"]
[Black "ChessBrainiacOnTwitch"]
[Result "0-1"]
[WhiteElo "2654"]
[BlackElo "2818"]
[TimeControl "180+1"]
[EndTime "15:15:25 PDT"]
[Termination "ChessBrainiacOnTwitch won by resignation"]

1. e4 c5 2. Nf3 d6 3. c3 Nf6 4.
Be2 Nbd7 5. Qc2 g6 6. d4 Qc7 7. d5 Bg7 8. O-O O-O 9. Na3 a6 10.
Nc4 b5 11. Ne3 Nb6 12. Rd1 e6 13. dxe6 Bxe6 14. Ng5 Bc8 15. a4 Nxa4 16. c4 Bb7 17.
cxb5 axb5 18. Bxb5 Nb6 19. Rxa8 Rxa8 20. f3 d5 21. exd5 Nbxd5 22. Nxd5 Nxd5 23. Bc4 Rd8 24. Kh1 Bd4 25. Ne4 Qe5 26. Bg5 Nb4 27. Qb3 Bxe4 28. Bxd8 Bc2 29. Bxf7+ Kg7 30. f4 Qe2 31. Qf3 Qxf3 32.
gxf3 Bxd1 0-1

[Event "Late-Titled-Tuesday-Blitz-March-19-2024"]
[Site "Chess.com"]
[Date "2024.03.19"]
[Round "7"]
[White "sansanathalia"]
[Black "nabukatnezarr"]
[Result "0-1"]
[WhiteElo "2398"]
[BlackElo "2585"]
[TimeControl "180+1"]
[EndTime "15:15:31 PDT"]
[Termination "nabukatnezarr won by resignation"]

1. e4 c5 2. Nf3 Nc6 3. c3 e6 4. g3 d5 5. exd5 exd5 6. Bg2 Qe7+ 7. Qe2 Qxe2+ 8. Kxe2 Bg4 9. h3 Bh5 10. g4 Bg6 11. Re1 O-O-O 12. Kf1 h5 13. g5 Bd3+ 14. Kg1 Bd6 15. Na3 Nge7 16. Re3 c4 17. Nb5 Bc5 18. Re1 a6 19. Nbd4 Nxd4 20. Nxd4 Rhe8 21. Nf3 Nf5 22. Ne5 f6 23. gxf6 gxf6 24. Nxd3 cxd3 25.
Rxe8 Rxe8 26. Bxd5 Nh4 27. b4 Re1+ 28. Kh2 Bxf2 29.
Bb2 Re2 30. Rd1 Be1+ 31. Kg1 Bxd2 32. Bc4 Be3+ 33. Kf1 Nf3 34. Be6+ Kb8 0-1

[Event "Late-Titled-Tuesday-Blitz-March-19-2024"]
[Site "Chess.com"]
[Date "2024.03.19"]
[Round "7"]
[White "Oleksandr_Bortnyk"]
[Black "Fandorine"]
[Result "1-0"]
[WhiteElo "3078"]
[BlackElo "2931"]
[TimeControl "180+1"]
[EndTime "15:15:32 PDT"]
[Termination "Oleksandr_Bortnyk won by resignation"]

1. e4 e5 2. Nf3 Nc6 3. Bb5 a6 4. Ba4 b5 5. Bb3 g6 6. c3 Bg7 7.
d3 h6 8. Be3 Nge7 9. Nbd2 d5 10. Bc5 Be6 11. a4 Rb8 12. axb5 axb5 13. O-O O-O 14.
Re1 Re8 15. h3 Qd7 16. Qc2 Rbd8 17. Ra6 Qc8 18. Rea1 Kh7 19. Nf1 Nb8 20. Ra8 Qd7 21.
Ne3 dxe4 22. dxe4 Qc6 23. Bb4 Bxb3 24. Qxb3 Kg8 25. Bxe7 Rxe7 26. Nd5 Ree8 27. R1a7 Nd7 28. Rxd8 1-0

[Event "Late-Titled-Tuesday-Blitz-March-19-2024"]
[Site "Chess.com"]
[Date "2024.03.19"]
[Round "7"]
[White "DeArron_Fox"]
[Black "kai_nov"]
[Result "1-0"]
[WhiteElo "2507"]
[BlackElo "2344"]
[TimeControl "180+1"]
[EndTime "15:15:35 PDT"]
[Termination "DeArron_Fox won on time"]

1. d4 d5 2. c4 e6 3. Nc3 c6 4.
e3 Nf6 5. Nf3 Nbd7 6. Qc2 Bd6 7.
Bd3 O-O 8. O-O dxc4 9. Bxc4 b5 10. Bd3 Bb7 11. h3 b4 12. Na4 c5 13. dxc5 Rc8 14.
Rd1 Bxf3 15. gxf3 Nxc5 16. Nxc5 Rxc5 17. Qe2 Rg5+ 18. Kh1 Rh5 19. Kg2 Nd5 20. f4 Rh6 21.
Qf3 Qf6 22. Be4 Rc8 23. Bxd5 exd5 24. Rxd5 Rg6+ 25. Kh2 Rc2 26. Bd2 Qxb2 27. Rxd6 Rxd6 28.
Qa8+ 1-0

[Event "Late-Titled-Tuesday-Blitz-March-19-2024"]
[Site "Chess.com"]
[Date "2024.03.19"]
[Round "7"]
[White "cthake"]
[Black "simaopdias"]
[Result "0-1"]
[WhiteElo "1818"]
[BlackElo "2273"]
[TimeControl "180+1"]
[EndTime "15:15:36 PDT"]
[Termination "simaopdias won on time"]

1. c4 e6 2. Nc3 d5 3. d4 Nf6 4. Bg5 Be7 5. e3 h6 6. Bh4 b6 7. Nf3 Bb7 8. Bd3 O-O 9. O-O c5 10. Qc2 Nbd7 11. Rfd1 Rc8 12. b3 dxc4 13. bxc4 Bxf3 14.
gxf3 Qc7 15. Bg3 Qb7 16. d5 exd5 17. cxd5 Rfd8 18. e4 Nf8 19. Bc4 Nh5 20. Nb5 a6 21. Nc3 Ng6 22. Rab1 Ngf4 23. Bxf4 Nxf4 24. Ne2 Ng6 25.
f4 b5 26. e5 Qc7 27. d6 Bxd6 28. exd6 Rxd6 29. Rxd6 Qxd6 30. Bd3 Nh4 31. Be4 Rd8 32. Bg2 Qe7 33. Re1 g6 34. h3 b4 35. Kh2 a5 36.
Qc4 Nf5 37. Qe4 Qh4 38. Ng3 Ng7 39. Qf3 Rd2 40. Re2 Rd4 0-1

[Event "Late-Titled-Tuesday-Blitz-March-19-2024"]
[Site "Chess.com"]
[Date "2024.03.19"]
[Round "7"]
[White "LeninGuerra"]
[Black "protectiago"]
[Result "1-0"]
[WhiteElo "2671"]
[BlackElo "2076"]
[TimeControl "180+1"]
[EndTime "15:15:37 PDT"]
[Termination "LeninGuerra won by checkmate"]

1. e4 e5 2. Nf3 Nc6 3. Bb5 a6 4. Ba4 Nf6 5. Qe2 b5 6. Bb3 Be7 7. O-O d6 8. c3 O-O 9. Rd1 Bg4 10.
d3 Na5 11. Bc2 c5 12. Nbd2 Nc6 13. h3 Bxf3 14. Qxf3 d5 15. Nf1 dxe4 16. dxe4 Qc7 17.
g4 Rfd8 18. Be3 Rxd1 19. Rxd1 Rd8 20. Rxd8+ Nxd8 21. Ng3 Ne6 22. Nf5 Bf8 23. Nh6+ gxh6 24. Qxf6 Bg7 25. Qf5 Qe7 26. Kg2 c4 27. Kg3 Qd6 28.
h4 Nf4 29. Kf3 Nd3 30. Ke2 Nxb2 31. Qc8+ Bf8 32. Ba7 Nd3 33. Bb8 Nf4+ 34. Ke1 Qa3 35. Kd2 Qxa2 36. Bxe5 Ne6 37. Bd6 Qb2 38. f4 b4 39.
Bxb4 Nxf4 40. Qxf8# 1-0

[Event "Late-Titled-Tuesday-Blitz-March-19-2024"]
[Site "Chess.com"]
[Date "2024.03.19"]
[Round "7"]
[White "Statham_01"]
[Black "norwaytoadog"]
[Result "1-0"]
[WhiteElo "2573"]
[BlackElo "2363"]
[TimeControl "180+1"]
[EndTime "15:15:38 PDT"]
[Termination "Statham_01 won on time"]

1. e4 c5 2. Nf3 Nc6 3. b4 cxb4 4. d4 d5 5. exd5 Qxd5 6. c4 bxc3 7. Nxc3 Qa5 8. Rb1 Bg4 9. Rxb7 Qxc3+ 10. Bd2 Bxf3 11. Bxc3 Bxd1 12. Bb5 O-O-O 13. Bxc6 Ba4 14. Bf3 Rd6 15. Rxa7 Bc6 16. d5 Bb7 17. O-O Kb8 18. Bd4 Ra6 19.
d6 Bxf3 20. d7 Rd6 21. Rb1+ 1-0

[Event "Late-Titled-Tuesday-Blitz-March-19-2024"]
[Site "Chess.com"]
[Date "2024.03.19"]
[Round "7"]
[White "jodarmarlon1985"]
[Black "gorgeous1083"]
[Result "1-0"]
[WhiteElo "2288"]
[BlackElo "2059"]
[TimeControl "180+1"]
[EndTime "15:15:38 PDT"]
[Termination "jodarmarlon1985 won on time"]

1. e4 e6 2. d4 d5 3. Nc3 Bb4 4. e5 c5 5. a3 Bxc3+ 6. bxc3 Ne7 7. Qg4 O-O 8. Bd3 f5 9. exf6 Rxf6 10. Qh4 Ng6 11.
Bxg6 hxg6 12. Ne2 Rf8 13. Bg5 Qe8 14. O-O Nc6 15. Rae1 Qf7 16. Ng3 Bd7 17. Re3 cxd4 18. cxd4 Rac8 19. Ne2 Qf5 20. Rh3 Qxc2 21. Qh7+ Kf7 22.
Rf3+ Ke8 23. Rxf8+ Kxf8 24. Nf4 Kf7 25. Nh5 Rg8 26.
Bh6 Nxd4 27. Nxg7 Kf6 28. Qxg8 Ne2+ 29. Kh1 Qe4 30. Nh5+ Ke7 31. Bf8+ Kd8 32. Bd6+ Be8 33. Qxe8+ Kxe8 34. Nf6+ Kf7 35. Nxe4 dxe4 36. Re1 1-0

[Event "Late-Titled-Tuesday-Blitz-March-19-2024"]
[Site "Chess.com"]
[Date "2024.03.19"]
[Round "7"]
[White "rodp92"]
[Black "Morscas"]
[Result "1-0"]
[WhiteElo "2491"]
[BlackElo "2338"]
[TimeControl "180+1"]
[EndTime "15:15:39 PDT"]
[Termination "rodp92 won on time"]

1. e4 c5 2. Nf3 d6 3. Bb5+ Nd7 4. d4 e6 5. dxc5 dxc5 6. O-O a6 7. Be2 Ngf6 8. Nc3 Be7 9. a4 O-O 10. Bf4 b6 11. Re1 Bb7 12. Bf1 Nh5 13. Be3 Nhf6 14.
Bf4 Nh5 15. Bd6 Nhf6 16. e5 Nd5 17. Ne4 Bxd6 18. Nxd6 Bc6 19. Qe2 Qc7 20. Rad1 Rfd8 21. Nxf7 Kxf7 22. Ng5+ Ke7 23. Qh5 Nxe5 24. Qxh7 Kd6 25. f4 Ng4 26. Nxe6 Qe7 27. Nxd8 Ne3 28. Nxc6 Kxc6 29. Qg6+ Kb7 30. c4 1-0

[Event "Late-Titled-Tuesday-Blitz-March-19-2024"]
[Site "Chess.com"]
[Date "2024.03.19"]
[Round "7"]
[White "Malev212"]
[Black "VanRommel28"]
[Result "0-1"]
[WhiteElo "2623"]
[BlackElo "2513"]
[TimeControl "180+1"]
[EndTime "15:15:40 PDT"]
[Termination "VanRommel28 won by resignation"]

1. e4 e6 2. d4 d5 3. Nc3 h6 4. Nf3 dxe4 5. Nxe4 Nd7 6. Bd3 Ngf6 7. Qe2 Be7 8. Bd2 Nxe4 9. Bxe4 Nf6 10. Bxb7 Bxb7 11. Qb5+ Qd7 12. Qxb7 O-O 13. Qa6 Rab8 14. b3 Qd5 15.
O-O Ne4 16. Bf4 Bd6 17. c4 Qf5 18. Be3 g5 19. c5 Bf4 20. Qxa7 g4 21. Ne5 Rbd8 22.
Rad1 h5 23. Nc6 Rd7 24. d5 exd5 25. Nd4 Qg5 26. Bxf4 Qxf4 27. c6 Re7 28. Qa5 Re5 29. f3 Qe3+ 30. Kh1 Nf2+ 31. Rxf2 Qxf2 0-1

[Event "Late-Titled-Tuesday-Blitz-March-19-2024"]
[Site "Chess.com"]
[Date "2024.03.19"]
[Round "7"]
[White "MYMChessAcademy"]
[Black "Kopytkin"]
[Result "1-0"]
[WhiteElo "2292"]
[BlackElo "2412"]
[TimeControl "180+1"]
[EndTime "15:15:40 PDT"]
[Termination "MYMChessAcademy won on time"]

1. e4 c6 2. d4 d5 3. e5 c5 4.
dxc5 e6 5. Be3 Ne7 6. Nf3 Nec6 7. c3 Nd7 8. b4 Ndxe5 9. Nxe5 Nxe5 10. Bb5+ Bd7 11.
Bxd7+ Qxd7 12. Bd4 Nc6 13. O-O Be7 14. f4 Nxd4 15.
cxd4 O-O 16. Qd3 Rae8 17. Nc3 g6 18. Rae1 Bf6 19. a4 a6 20. Ra1 Bg7 21. b5 axb5 22.
axb5 f6 23. Ra7 Qc8 24. Rfa1 Kh8 25. b6 e5 26. Nb5 exd4 27. Nd6 Qxc5 28. Nxe8 Rxe8 29.
Rxb7 Re3 30. Ra8+ Bf8 31. Qd2 d3 32. Rxf8+ Qxf8 33. Qxe3 d2 34. Qxd2 Qc5+ 35. Kh1 Qc4 36. h3 Qe4 37. Rb8+ Kg7 38. b7 d4 39. Rg8+ Kxg8 40.
b8=Q+ Kg7 41. Qa7+ Kh6 42. Qaxd4 Qe7 43. f5+ g5 44. h4 1-0

[Event "Late-Titled-Tuesday-Blitz-March-19-2024"]
[Site "Chess.com"]
[Date "2024.03.19"]
[Round "7"]
[White "Jamal-Jamal-Jamal"]
[Black "kikoveiga"]
[Result "1-0"]
[WhiteElo "2263"]
[BlackElo "2486"]
[TimeControl "180+1"]
[EndTime "15:15:40 PDT"]
[Termination "Jamal-Jamal-Jamal won on time"]

1. e4 c5 2. Nf3 d6 3. d4 cxd4 4.
Qxd4 Nf6 5. Be2 a6 6. h3 Nc6 7. Qe3 g6 8. O-O Bg7 9. Rd1 Qc7 10. c4 O-O 11. Nc3 h6 12. Rb1 Be6 13. b3 Nd7 14. Bb2 Nc5 15. Nd5 Bxd5 16. exd5 Nb8 17. Bxg7 Kxg7 18.
Nd4 Nbd7 19. Qxe7 Rae8 20. Qh4 Re4 21. Qg3 Rfe8 22. Bf3 R4e5 23. Rbc1 Nf6 24. Qf4 Qe7 25. b4 Nce4 26. Bxe4 Rxe4 27. Qd2 Qe5 28. Nf3 Qf5 29. Re1 Rxe1+ 30. Rxe1 Ne4 31. Qd4+ Kh7 32. Nd2 Nf6 33. Rxe8 Nxe8 34. Qe4 Qxe4 35. Nxe4 Kg7 36. c5 f5 37. cxd6 1-0

[Event "Late-Titled-Tuesday-Blitz-March-19-2024"]
[Site "Chess.com"]
[Date "2024.03.19"]
[Round "7"]
[White "rhungaski"]
[Black "Fonsofan"]
[Result "0-1"]
[WhiteElo "2617"]
[BlackElo "2741"]
[TimeControl "180+1"]
[EndTime "15:15:42 PDT"]
[Termination "Fonsofan won on time"]

1. e4 c6 2. d4 d5 3. e5 c5 4. c3 Nc6 5. Ne2 Bf5 6. dxc5 e6 7. Be3 a6 8. Nd4 Nge7 9. f4 h5 10. Nd2 g5 11. fxg5 Bg4 12. Qa4 Qd7 13. h3 Bf5 14. N2f3 Bg7 15. Bf4 O-O 16. Nxf5 Nxf5 17. g4 hxg4 18.
hxg4 Nfe7 19. Bd3 Ng6 20. Qc2 Ncxe5 21. Nxe5 Bxe5 22. Bxg6 Bxf4 23. Rh7 Qb5 24. Kf2 Bxg5 0-1

[Event "Late-Titled-Tuesday-Blitz-March-19-2024"]
[Site "Chess.com"]
[Date "2024.03.19"]
[Round "7"]
[White "Mariia89"]
[Black "subham777"]
[Result "1/2-1/2"]
[WhiteElo "2293"]
[BlackElo "2530"]
[TimeControl "180+1"]
[EndTime "15:15:42 PDT"]
[Termination "Game drawn by repetition"]

1. d4 d5 2. c4 e6 3. Nc3 Nf6 4. Nf3 Be7 5. Bg5 O-O 6. e3 Ne4 7. Bxe7 Qxe7 8. Nxe4 dxe4 9. Nd2 f5 10.
Be2 c5 11. O-O cxd4 12. exd4 Nc6 13. Nb3 Rd8 14. f3 e3 15. f4 a5 16. d5 exd5 17.
cxd5 Nb4 18. Bc4 Qe4 19. Qe2 b6 20. a3 Na6 21. Rad1 Nc5 22. Rd4 Qe8 23. Rf3 Nxb3 24.
Bxb3 Ba6 25. Qxe3 Qh5 26. Rh3 Re8 27. d6+ Kh8 28. Rxh5 Rxe3 29. d7 Rd8 30. Rxf5 g6 31.
Rf7 Rxb3 32. Re4 Bb5 33. Ree7 Bxd7 34. Rxh7+ Kg8 35. Rhg7+ Kf8 36. Rgf7+ Kg8 37. Rg7+ Kf8 38. Rgf7+ Kg8 39. Rg7+ 1/2-1/2

[Event "Late-Titled-Tuesday-Blitz-March-19-2024"]
[Site "Chess.com"]
[Date "2024.03.19"]
[Round "7"]
[White "ZachHKL"]
[Black "Bkmzzzzz"]
[Result "1-0"]
[WhiteElo "2221"]
[BlackElo "2385"]
[TimeControl "180+1"]
[EndTime "15:15:42 PDT"]
[Termination "ZachHKL won on time"]

1. e4 d6 2. d4 Nf6 3. Nc3 e5 4. Nf3 Nbd7 5. Be3 c6 6. h3 b5 7.
a3 Be7 8. Bd3 O-O 9. g4 a5 10. g5 Ne8 11. Ne2 Bb7 12. Ng3 exd4 13. Nxd4 Bxg5 14. f4 Bh4 15. Nf5 c5 16. Qg4 Bxg3+ 17.
Nxg3 Ndf6 18. Qf3 c4 19. Bf1 Rb8 20. Rg1 Nxe4 21. Nxe4 f5 22. Nf6+ Nxf6 23. Qg3 Qe7 24. O-O-O Ne4 25. Qe1 Rfe8 26. Bd4 g6 27. h4 d5 28. h5 Qe6 29. hxg6 hxg6 30. Rh1 Nf6 31. Qh4 Nh5 32. Rg1 Kf7 33. Bg2 Rh8 34. Bxh8 Rxh8 35. Qg5 Qe3+ 36. Kb1 Qxf4 37. Bxd5+ Bxd5 38. Qxg6+ Ke7 39. Rxd5 1-0

[Event "Late-Titled-Tuesday-Blitz-March-19-2024"]
[Site "Chess.com"]
[Date "2024.03.19"]
[Round "7"]
[White "malakismayil"]
[Black "Rodalquilar"]
[Result "0-1"]
[WhiteElo "2519"]
[BlackElo "2759"]
[TimeControl "180+1"]
[EndTime "15:15:44 PDT"]
[Termination "Rodalquilar won on time"]

1. e4 d5 2. exd5 Qxd5 3. Nc3 Qa5 4. Bc4 Nf6 5. Nf3 Nc6 6. d3 Bg4 7. h3 Qh5 8. Bb5 O-O-O 9. Bxc6 bxc6 10. Be3 Bxf3 11.
gxf3 Kb7 12. Qe2 e6 13. O-O-O Qa5 14. Kb1 Bb4 15. Ne4 Nd5 16. Rhg1 Rhg8 17. c4 Nf6 18.
a3 Be7 19. Bd2 Qa4 20. Bc3 Qb3 21.
Qc2 Qxc2+ 22. Kxc2 Nh5 23. b4 g6 24. Bd2 Ng7 25.
Be3 Nf5 26. Rb1 Nh4 27. Nd2 Rd7 28. b5 Rgd8 29. bxc6+ Kxc6 30. Rb3 Nf5 31. Bxa7 Ra8 32. Be3 Rxa3 33. Rxa3 Bxa3 34. Ra1 Bc5 35. Bxc5 Kxc5 36.
Kc3 Nd4 37. Ra6 f5 38. Ra5+ Kb6 39. Ra8 Ne2+ 40. Kc2 Nf4 41. Ra3 Nxh3 42. Nb3 Nxf2 43. d4 g5 44. Kc3 g4 45. fxg4 fxg4 46. c5+ Kc6 47. Kc4 Rd8 48. Na5+ Kd7 0-1